3L
ATHLETIC CLUB KC @ TOLEDO STINGERS
08/17/2041
 
TOP OF THE 1ST
Athletic Club KC batting - Pitching for Toledo Stingers : RHP Mason Saunders
Pitching: RHP Mason Saunders
Batting: LHB César Núñez 0-0: Swinging Strike
0-1: Ground out 4-3 (Groundball, 4, EV 94.4 MPH)
Batting: RHB Ali Ben Bongo 0-0: Ball
1-0: Ground out 4-3 (Groundball, 34, EV 100.0 MPH)
Batting: RHB Jimbob Ghostkeeper 0-0: Called Strike
0-1: Ball
1-1: Ground out 6-3 (Groundball, 6, EV 83.8 MPH)
Top of the 1st over - 0 runs, 0 hits, 0 errors, 0 left on base; Athletic Club KC 0 - Toledo 0
BOTTOM OF THE 1ST
Toledo Stingers batting - Pitching for Athletic Club KC : LHP Roman Phansalker
Pitching: LHP Roman Phansalker
Batting: RHB Brook Linen 0-0: Called Strike
0-1: Ball
1-1: Foul Ball, location: 2F
1-2: Ground out 1-3 (Groundball, 15S, EV 65.0 MPH)
Batting: LHB Matt Dunlap 0-0: Called Strike
0-1: Ball
1-1: Ground out 6-3 (Groundball, 6M, EV 81.9 MPH)
Batting: LHB Pedro Serano 0-0: Ball
1-0: Called Strike
1-1: SOLO HOME RUN (Flyball, 89XD, EV 110.6 MPH), Distance : 439 ft
Batting: SHB Adam Clements 0-0: Foul Ball, location: 2F
0-1: Foul Ball, location: 2F
0-2: Ball
1-2: Ball
2-2: Ground out 5-3 (Groundball, 56S, EV 89.4 MPH)
Bottom of the 1st over - 1 run, 1 hit, 0 errors, 0 left on base; Athletic Club KC 0 - Toledo 1
TOP OF THE 2ND
Athletic Club KC batting - Pitching for Toledo Stingers : RHP Mason Saunders
Batting: RHB Shou-xin Quian 0-0: Called Strike
0-1: Called Strike
0-2: Foul Ball, location: 2F
0-2: Strikes out looking
Batting: LHB Miguel Fernández 0-0: Ball
1-0: Foul Ball, location: 2F
1-1: Foul Ball, location: 2F
1-2: Fly out, F9 (Flyball, 9LMF, EV 96.9 MPH)
Batting: RHB José de la Cavallería 0-0: Called Strike
0-1: Ball
1-1: Ball
2-1: Ball
3-1: Swinging Strike
3-2: Strikes out swinging
Top of the 2nd over - 0 runs, 0 hits, 0 errors, 0 left on base; Athletic Club KC 0 - Toledo 1
BOTTOM OF THE 2ND
Toledo Stingers batting - Pitching for Athletic Club KC : LHP Roman Phansalker
Batting: LHB Lester Threlfall 0-0: SINGLE (Line Drive, 78S, EV 110.6 MPH)
Batting: RHB David Alcabú 0-0: Called Strike
0-1: Called Strike
0-2: Strikes out swinging
Batting: LHB Grover Barbaran 0-0: Reached on error, E4 (Groundball, 4, EV 81.9 MPH)
Lester Threlfall to second
Batting: RHB Alfredo Martínez 0-0: Swinging Strike
0-1: Ball
1-1: Foul Ball, location: 2F
1-2: Fly out, F3 (Popup, 3F, EV 75.6 MPH)
Batting: RHB Anselmo Berneu 0-0: Ball
1-0: Foul Ball, location: 2F
1-1: Foul Ball, location: 2F
1-2: SINGLE (Groundball, 56D, EV 95.6 MPH)
Lester Threlfall to third
Grover Barbaran to second
Runner from 3rd tries for Home, SAFE, no throw by LF
Batting: RHB Brook Linen 0-0: Ball
1-0: Foul Ball, location: 2F
1-1: Foul Ball, location: 2F
1-2: Strikes out swinging
Bottom of the 2nd over - 1 run, 2 hits, 1 error, 2 left on base; Athletic Club KC 0 - Toledo 2
TOP OF THE 3RD
Athletic Club KC batting - Pitching for Toledo Stingers : RHP Mason Saunders
Batting: SHB Noel Lancaster 0-0: Called Strike
0-1: Foul Ball, location: 2F
0-2: Ball
1-2: Ball
2-2: Ball
3-2: Foul Ball, location: 2F
3-2: Ground out 4-3 (Groundball, 4, EV 87.5 MPH)
Batting: RHB Shane Reyes 0-0: Ground out 6-3 (Groundball, 6, EV 102.5 MPH)
Batting: RHB Gabriel Martínez 0-0: Ground out 5-3 (Groundball, 56, EV 106.9 MPH)
Top of the 3rd over - 0 runs, 0 hits, 0 errors, 0 left on base; Athletic Club KC 0 - Toledo 2
BOTTOM OF THE 3RD
Toledo Stingers batting - Pitching for Athletic Club KC : LHP Roman Phansalker
Batting: LHB Matt Dunlap 0-0: Ball
1-0: Foul Ball, location: 2F
1-1: Called Strike
1-2: Ball
2-2: Ball
3-2: Base on Balls
Batting: LHB Pedro Serano 0-0: Swinging Strike
0-1: Swinging Strike
0-2: Ball
1-2: Fielders Choice at 2nd, 4-6 (Groundball, 4, EV 91.2 MPH)
Batting: SHB Adam Clements 0-0: Called Strike
0-1: Ball
1-1: Foul Ball, location: 2F
1-2: Ball
2-2: Fly out, F8 (Flyball, 89D, EV 74.4 MPH)
Batting: LHB Lester Threlfall 0-0: Ball
1-0: Ball
2-0: Foul Ball, location: 2F
2-1: Called Strike
2-2: Strikes out swinging
Bottom of the 3rd over - 0 runs, 0 hits, 0 errors, 1 left on base; Athletic Club KC 0 - Toledo 2
TOP OF THE 4TH
Athletic Club KC batting - Pitching for Toledo Stingers : RHP Mason Saunders
Batting: LHB César Núñez 0-0: Called Strike
0-1: SINGLE (Groundball, 34D, EV 95.0 MPH)
Batting: RHB Ali Ben Bongo 0-0: Fly out, F8 (Flyball, 8RXD, EV 103.8 MPH)
Batting: RHB Jimbob Ghostkeeper 0-0: Ball
1-0: Ball
Balk!
César Núñez to second
2-0: Called Strike
2-1: Ball
3-1: Base on Balls
Batting: RHB Shou-xin Quian 0-0: Called Strike
0-1: Called Strike
0-2: Foul Ball, location: 2F
0-2: Strikes out swinging
Batting: LHB Miguel Fernández 0-0: Called Strike
0-1: Foul Ball, location: 2F
0-2: Ball
1-2: Foul Ball, location: 2F
1-2: Ball
2-2: Ball
3-2: Ground out 1-3 (Groundball, 15, EV 81.2 MPH)
Top of the 4th over - 0 runs, 1 hit, 0 errors, 2 left on base; Athletic Club KC 0 - Toledo 2
BOTTOM OF THE 4TH
Toledo Stingers batting - Pitching for Athletic Club KC : LHP Roman Phansalker
Batting: RHB David Alcabú 0-0: Ground out 4-3 (Groundball, 4, EV 81.9 MPH)
Batting: LHB Grover Barbaran 0-0: Ball
1-0: Called Strike
1-1: Foul Ball, location: 2F
1-2: Ball
2-2: SINGLE (Line Drive, 78S, EV 90.0 MPH)
Batting: RHB Alfredo Martínez 0-0: Ball
1-0: Foul Ball, location: 2F
1-1: Swinging Strike
1-2: Fielders Choice at 2nd, 6-4 (Groundball, 6, EV 77.5 MPH)
Batting: RHB Anselmo Berneu 0-0: Called Strike
0-1: Called Strike
0-2: Ball
1-2: Ball
2-2: Ball
Alfredo Martínez steals 2nd base
3-2: Fly out, F9 (Flyball, 9S, EV 78.8 MPH)
Bottom of the 4th over - 0 runs, 1 hit, 0 errors, 1 left on base; Athletic Club KC 0 - Toledo 2
TOP OF THE 5TH
Athletic Club KC batting - Pitching for Toledo Stingers : RHP Mason Saunders
Batting: RHB José de la Cavallería 0-0: Ball
1-0: Ground out 4-3 (Groundball, 4M, EV 85.0 MPH)
Batting: SHB Noel Lancaster 0-0: Ball
1-0: Foul Ball, location: 2F
1-1: Ball
2-1: Swinging Strike
2-2: Ball
3-2: Foul Ball, location: 2F
3-2: Foul Ball, location: 2F
3-2: Strikes out looking
Batting: RHB Shane Reyes 0-0: Ball
1-0: Foul Ball, location: 2F
1-1: Foul Ball, location: 2F
1-2: Foul Ball, location: 2F
1-2: Ball
2-2: Ball
3-2: Strikes out swinging
Top of the 5th over - 0 runs, 0 hits, 0 errors, 0 left on base; Athletic Club KC 0 - Toledo 2
BOTTOM OF THE 5TH
Toledo Stingers batting - Pitching for Athletic Club KC : LHP Roman Phansalker
Batting: RHB Brook Linen 0-0: Called Strike
0-1: Ball
1-1: Fly out, F7 (Line Drive, 7, EV 86.9 MPH)
Batting: LHB Matt Dunlap 0-0: Called Strike
0-1: Ball
1-1: SINGLE (Groundball, 34D, EV 103.8 MPH)
Batting: LHB Pedro Serano 0-0: Called Strike
0-1: Foul Ball, location: 2F
0-2: Ball
1-2: SINGLE (Groundball, 4, EV 107.5 MPH) (infield hit)
Matt Dunlap to second
Batting: SHB Adam Clements 0-0: Fielders Choice at 2nd, 6-4 (Groundball, 6, EV 85.0 MPH)
Matt Dunlap to third
Batting: LHB Lester Threlfall 0-0: Called Strike
0-1: Called Strike
0-2: Ball
1-2: Strikes out swinging
Bottom of the 5th over - 0 runs, 2 hits, 0 errors, 2 left on base; Athletic Club KC 0 - Toledo 2
TOP OF THE 6TH
Athletic Club KC batting - Pitching for Toledo Stingers : RHP Mason Saunders
Batting: RHB Gabriel Martínez 0-0: Foul Ball, location: 2F
0-1: Ball
1-1: Fly out, F9 (Flyball, 9LS, EV 74.4 MPH)
Batting: LHB César Núñez 0-0: Fly out, F4 (Popup, 4, EV 71.2 MPH)
Batting: RHB Ali Ben Bongo 0-0: Called Strike
0-1: Ball
1-1: Ball
2-1: Called Strike
2-2: Ground out 5-3 (Groundball, 5L, EV 86.2 MPH)
Top of the 6th over - 0 runs, 0 hits, 0 errors, 0 left on base; Athletic Club KC 0 - Toledo 2
BOTTOM OF THE 6TH
Toledo Stingers batting - Pitching for Athletic Club KC : LHP Roman Phansalker
Batting: RHB David Alcabú 0-0: Called Strike
0-1: Swinging Strike
0-2: Strikes out looking
Batting: LHB Grover Barbaran 0-0: Ball
1-0: Swinging Strike
1-1: Swinging Strike
1-2: Strikes out swinging
Batting: RHB Alfredo Martínez 0-0: Called Strike
0-1: SINGLE (Groundball, 6MD, EV 103.1 MPH)
Batting: RHB Anselmo Berneu 0-0: Called Strike
0-1: Ball
1-1: Ball
2-1: Foul Ball, location: 2F
2-2: Hit by Pitch
Alfredo Martínez to second
Batting: RHB Brook Linen 0-0: Fly out, F7 (Line Drive, 7, EV 90.6 MPH)
Bottom of the 6th over - 0 runs, 1 hit, 0 errors, 2 left on base; Athletic Club KC 0 - Toledo 2
TOP OF THE 7TH
Athletic Club KC batting - Pitching for Toledo Stingers : RHP Mason Saunders
Batting: RHB Jimbob Ghostkeeper 0-0: DOUBLE (Groundball, 5L, EV 101.2 MPH)
Batting: RHB Shou-xin Quian 0-0: Ball
1-0: Foul Ball, location: 2F
1-1: Ground out U3 (Groundball, 3S, EV 71.9 MPH)
Jimbob Ghostkeeper to third
Batting: LHB Miguel Fernández 0-0: Ball
1-0: Called Strike
1-1: Ground out 5-3 (Groundball, 56, EV 107.5 MPH)
Jimbob Ghostkeeper scores
Batting: RHB José de la Cavallería 0-0: Hit by Pitch
Pinch Hitting: LHB Salvador Ramírez 0-0: Ball
1-0: Ball
2-0: Ground out 4-3 (Groundball, 4, EV 80.6 MPH)
Top of the 7th over - 1 run, 1 hit, 0 errors, 1 left on base; Athletic Club KC 1 - Toledo 2
BOTTOM OF THE 7TH
Toledo Stingers batting - Pitching for Athletic Club KC : LHP Roman Phansalker
Now at SS: Terry Kurucz
Batting: LHB Matt Dunlap 0-0: Ball
1-0: Ball
2-0: Swinging Strike
2-1: Swinging Strike
2-2: Fly out, F9 (Flyball, 9LD, EV 91.9 MPH)
Batting: LHB Pedro Serano 0-0: Foul Ball, location: 2F
0-1: Ball
1-1: Swinging Strike
1-2: Ground out 4-3 (Groundball, 4, EV 82.5 MPH)
Batting: SHB Adam Clements 0-0: Ball
1-0: Ground out 1-3 (Groundball, 13, EV 88.8 MPH)
Bottom of the 7th over - 0 runs, 0 hits, 0 errors, 0 left on base; Athletic Club KC 1 - Toledo 2
TOP OF THE 8TH
Athletic Club KC batting - Pitching for Toledo Stingers : RHP Mason Saunders
Batting: RHB Shane Reyes 0-0: Ball
1-0: Foul Ball, location: 2F
1-1: Foul Ball, location: 2F
1-2: Ground out 1-3 (Groundball, 34S, EV 68.8 MPH)
Batting: RHB Gabriel Martínez 0-0: Called Strike
0-1: Ball
1-1: Ball
2-1: Foul Ball, location: 2F
2-2: Fly out, F4 (Popup, 34D, EV 63.1 MPH)
Batting: LHB César Núñez 0-0: Ball
1-0: Swinging Strike
1-1: Swinging Strike
1-2: Ball
2-2: Foul Ball, location: 2F
2-2: Ball
3-2: Base on Balls
Pitching: RHP Taalay Ibragimov
Batting: RHB Ali Ben Bongo 0-0: Foul Ball, location: 2F
0-1: Ball
1-1: Ball
2-1: Foul Ball, location: 2F
2-2: Ball
3-2: Foul Ball, location: 2F
3-2: Foul Ball, location: 2F
3-2: Foul Ball, location: 2F
3-2: Fly out, F6 (Popup, 6M, EV 59.4 MPH)
Top of the 8th over - 0 runs, 0 hits, 0 errors, 1 left on base; Athletic Club KC 1 - Toledo 2
BOTTOM OF THE 8TH
Toledo Stingers batting - Pitching for Athletic Club KC : LHP Roman Phansalker
Pitching: LHP Indigo Diaz
Batting: LHB Lester Threlfall 0-0: SINGLE (Line Drive, 7S, EV 100.0 MPH)
Batting: RHB David Alcabú 0-0: Called Strike
0-1: Called Strike
0-2: Ball
1-2: Strikes out looking
Batting: LHB Grover Barbaran 0-0: Ball
1-0: Ball
2-0: Foul Ball, location: 2F
2-1: Ball
3-1: Base on Balls
Lester Threlfall to second
Batting: RHB Alfredo Martínez 0-0: Ball
1-0: Foul Ball, location: 2F
1-1: Ground out 4-3 (Groundball, 4S, EV 65.6 MPH)
Lester Threlfall to third
Grover Barbaran to second
Batting: RHB Anselmo Berneu 0-0: Ball
1-0: Ball
2-0: SINGLE (Line Drive, 7S, EV 93.8 MPH)
Lester Threlfall scores
Grover Barbaran to third
Runner from 3rd tries for Home, SAFE, throw by LF to home
Batting: RHB Brook Linen 0-0: Swinging Strike
0-1: Foul Ball, location: 2F
0-2: Ball
1-2: Ball
2-2: Ball
3-2: DOUBLE (Line Drive, 9LS, EV 100.0 MPH)
Anselmo Berneu to third
Anselmo Berneu scores
Batting: LHB Matt Dunlap 0-0: Ball
1-0: Ball
2-0: Ball
3-0: Base on Balls
Batting: LHB Pedro Serano 0-0: Called Strike
0-1: Fly out, F9 (Flyball, 9LS, EV 91.9 MPH)
Bottom of the 8th over - 3 runs, 3 hits, 0 errors, 2 left on base; Athletic Club KC 1 - Toledo 5
TOP OF THE 9TH
Athletic Club KC batting - Pitching for Toledo Stingers : RHP Taalay Ibragimov
Batting: RHB Jimbob Ghostkeeper 0-0: Ball
1-0: Ball
2-0: Ground out 5-3 (Groundball, 5L, EV 106.9 MPH)
Batting: RHB Shou-xin Quian 0-0: Ball
1-0: Ball
2-0: Swinging Strike
2-1: Ground out 6-3 (Groundball, 6, EV 95.6 MPH)
Batting: LHB Miguel Fernández 0-0: Called Strike
0-1: Swinging Strike
0-2: Strikes out swinging
Top of the 9th over - 0 runs, 0 hits, 0 errors, 0 left on base; Athletic Club KC 1 - Toledo 5
Tuesday, January 5th, 2021 - OOTP Baseball 20.8 Build 74